 Dungeon Crawl Stone Soup version 0.31-a0-102-g33a4ccc0cb (webtiles) character file.

Game seed: 8608093880837518220

19709 pokeman the Eclecticist (level 12, 0/67 HPs)
             Began as a Deep Elf Hedge Wizard on May 26, 2023.
             Was an Elder of Vehumet.
             Slain by a soul eater (8 damage)
             ... summoned by a boggart
             ... in a Gauntlet.
             The game lasted 00:49:04 (16419 turns).

pokeman the Eclecticist (Deep Elf Hedge Wizard)    Turns: 16419, Time: 00:49:05

Health: 0/67       AC: 13    Str: 13    XL:     12   Next: 38%
Magic:  27/35      EV: 12    Int: 25    God:    Vehumet [****..]
Gold:   439        SH:  0    Dex: 14    Spells: 22/45 levels left

rFire   . . .        V - +7 captain's cutlass {speed, disarm}
rCold   . . .        (no shield)
rNeg    . . .        X - +0 acid dragon scales
rPois   +            c - +0 hat
rElec   .            u - +2 cloak {rPois}
rCorr   +            m - +2 pair of gloves
SInv    .            (no boots)
Will    +....        I - amulet of magic regeneration
Stlth   ++           H - ring of flight
HPRegen 0.31/turn    O - +6 ring of strength
MPRegen 0.64/turn

%: no teleportation
@: spiked, on blink cooldown, flying
A: no striking features
a: Renounce Religion


You were in a Gauntlet.
You worshipped Vehumet.
Vehumet was greatly pleased with you.
You visited 2 branches of the dungeon, and saw 14 of its levels.
You also visited: Gauntlet.

You collected 542 gold pieces.
You spent 103 gold pieces at shops.

Inventory:

Hand Weapons
 V - the +7 captain's cutlass (weapon) {speed, disarm}
   (You found it on level 12 of the Dungeon)
Missiles
 U - 5 curare-tipped darts
Armour
 b - +0 ice dragon scales
 c - a +0 hat (worn)
 m - a +2 pair of gloves (worn)
 u - a +2 cloak of poison resistance (worn)
 X - +0 acid dragon scales (worn)
Jewellery
 H - a ring of flight (left hand)
 I - an amulet of magic regeneration (around neck)
 O - a +6 ring of strength (right hand)
Wands
 a - a wand of paralysis (5)
 Q - a wand of quicksilver (21)
 S - a wand of mindburst (18)
Scrolls
 f - 4 scrolls of blinking
 o - 2 scrolls of teleportation
 D - 3 scrolls of magic mapping
 E - a scroll of acquirement {unknown}
 J - 3 scrolls of immolation {unknown}
 L - a scroll of amnesia {unknown}
 N - a scroll of enchant armour {unknown}
 Y - a scroll of fog {unknown}
Potions
 d - a potion of magic
 e - 9 potions of curing
 q - a potion of ambrosia {unknown}
 r - 3 potions of degeneration {unknown}
 s - 3 potions of lignification {unknown}
 x - 2 potions of heal wounds {unknown}
 z - a potion of resistance {unknown}
 B - a potion of invisibility {unknown}
 G - 2 potions of mutation {unknown}
 M - 3 potions of enlightenment {unknown}


   Skills:
 - Level 4.4 Fighting
 - Level 4.0 Armour
 - Level 3.0 Dodging
 - Level 3.0 Stealth
 + Level 4.3 Shields
 * Level 17.2 Spellcasting
 + Level 10.2 Conjurations
 - Level 7.3 Summonings
 + Level 6.9 Necromancy
 - Level 1.1 Translocations
 - Level 1.0 Ice Magic
 - Level 1.0 Air Magic
 - Level 1.0 Poison Magic
 - Level 1.0 Evocations


You had 22 spell levels left.
You knew the following spells:

 Your Spells              Type           Power      Damage    Failure   Level
a - Magic Dart            Conj           100%       1d8       1%          1
b - Mephitic Cloud        Conj/Pois/Air  27%        N/A       1%          3
c - Call Imp              Summ           100%       N/A       1%          2
d - Blink                 Tloc           54%        N/A       3%          2
e - Call Canine Familiar  Summ           55%        N/A       1%          3
f - Haunt                 Necr/Summ      23%        N/A       98%         7
g - Freezing Cloud        Conj/Ice/Air   13%        6-21      16%         5

Your spell library contained the following spells:

 Spells                   Type           Power      Damage    Failure   Level
 Irradiate                Conj/Tmut      18%        3d17      7%          5
 Necrotise                Necr           100%       1d9       1%          1
 Summon Small Mammal      Summ           100%       N/A       1%          1
 Momentum Strike          Conj/Tloc      78%        3d10      1%          2
 Animate Dead             Necr           54%        N/A       1%          4
 Apportation              Tloc           54%        N/A       2%          1
 Slow                     Hex            84%        N/A       3%          1
 Lesser Beckoning         Tloc           54%        N/A       3%          2
 Cigotuvi's Dreadful Rot  Necr/Pois/Air  44%        N/A       4%          2
 Summon Guardian Golem    Hex/Summ       29%        N/A       5%          3
 Gell's Gravitas          Tloc           27%        N/A       6%          3
 Teleport Other           Tloc           27%        N/A       6%          3
 Summon Ice Beast         Ice/Summ       31%        N/A       14%         4
 Manifold Assault         Tloc           27%        N/A       22%         4
 Summon Mana Viper        Hex/Summ       29%        N/A       45%         5
 Monstrous Menagerie      Summ           27%        N/A       80%         7
 Dispersal                Tloc           13%        N/A       97%         6
 Disjunction              Tloc           13%        N/A       100%        8
 Infestation              Necr           27%        N/A       100%        8


Dungeon Overview and Level Annotations

Branches:
Dungeon (13/15) Temple (1/1) D:4 Lair (0/5) D:11 Orc (0/2) D:11 Vaults (0/5) D:12 D:13 Gauntlet (1/1)

Altars:
Ashenzari
Elyvilon
Fedhas
Gozag
Kikubaaqudgha
Nemelex Xobeh
Okawaru
Ru
Trog
Uskayaw
Vehumet
Wu Jian
Xom
Zin

Shops:
D:2 *   D:4 [([*   D:7 [

Annotations:
D:12 Demonic Crawlers
D:13 Nessos, Urug Gauntlet 15 transporters


Message History

You hit the worldbinder but do no damage.
You punch the worldbinder, but do no damage.
The worldbinder is heavily damaged.
The boggart is engulfed in noxious fumes.
The boggart mumbles some strange words.
The worldbinder is engulfed in freezing vapours.
The worldbinder hits you but does no damage.
The worldbinder closely misses you.
Unknown command.
Unknown command.
You barely miss the worldbinder.
The worldbinder is severely damaged.
The skeletal warrior is engulfed in freezing vapours.
The skeletal warrior hits you from afar with a +0 trident!!
The red devil hits you but does no damage.
The boggart is engulfed in noxious fumes.
The boggart appears confused.
The boggart barely misses itself.
The worldbinder is engulfed in freezing vapours.
The worldbinder barely misses you. The worldbinder hits you.
Unknown command.
You puncture the worldbinder!
The worldbinder is almost destroyed.
The worldbinder is engulfed in freezing vapours.
You destroy the worldbinder!
Vehumet accepts your kill.
You feel your power returning.
The skeletal warrior disappears in a puff of smoke! x2
The boggart is engulfed in noxious fumes.
The boggart appears confused.
The boggart hits itself.
The red devil hits you from afar with a +0 trident!
* * * LOW HITPOINT WARNING * * *
Barbed spikes become lodged in your body.
Unknown command.
Unknown command.
Casting: Mephitic Cloud (safe; 1% risk of failure)
Confirm with . or Enter, or press ? or * to list all spells.
You blink.
The boggart is engulfed in noxious fumes.
The boggart appears confused.
The soul eater hits you!
You die...

#8#∩...∩........≈8≈.....
###≈......©......≈......
#..###########.§.#####
#..#...#.#§..#...#....
###..#..#.☼○#..#...#.##.
#8#..#.##.○○##§#...#..##
###..##..#○#☼.##.###...#
#..#..3°§§○..#.#©#....
###..##@g#.#4.##.#.#...#
#8#..#.#######.#.#.#..##
###..#..#...#..#.#.#.##.
#..#....©=!..#.#.#....
###..#############.#####
#8#......#©........#≈§§≈
###≈.....#########.#####
#####..........#.#....
#8#..........#.#3.##


You could see a soul eater (summoned) and a boggart (confused).

Vanquished Creatures
  Erolcha (D:12)
  2 alligators (D:12)
  A two-headed ogre (D:11)
  Pikel (D:5)
  2 cyclopes
  A worldbinder (Gauntlet)
  2 black mambas (D:12)
  An unseen horror (D:11)
  A kobold demonologist (D:12)
  A troll (D:11)
  A hornet (D:8)
  4 slime creatures (D:12)
  10 yaks
  2 basilisks (D:12)
  A steam dragon (D:6)
  8 humans
  9 vampire mosquitoes
  Menkaure (D:4)
  2 acid dragons (D:12)
  8 water moccasins
  3 ice beasts
  3 orc warriors (D:11)
  A sky beast (D:7)
  2 black bears
  2 ogres
  A boggart (Gauntlet)
  5 centaurs
  A lemure (D:5)
  4 kobold brigands
  6 bullfrogs
  A gnoll sergeant (D:5)
  6 scorpions
  9 killer bees
  5 howler monkeys
  4 jellies (D:12)
  9 orc priests
  Crazy Yiuf (D:2)
  4 hounds
  A sleepcap (D:4)
  Terence (D:3)
  Natasha (thrice) (D:2)
  4 iguanas
  9 orc wizards
  9 gnolls
  14 adders
  A shadow imp (D:8)
  3 white imps
  2 ufetubi
  4 worms
  2 dart slugs
  44 orcs
  12 bats
  14 endoplasms
  4 giant cockroaches
  5 goblins
  8 hobgoblins
  2 jackals (D:5)
  10 quokkas
  6 ball pythons
  7 frilled lizards
  25 kobolds
  5 rats
321 creatures vanquished.

Vanquished Creatures (collateral kills)
  An ice dragon (D:12)
  A centaur warrior (D:12)
  2 two-headed ogres
  A manticore (D:12)
  A troll (D:9)
  2 vampire mosquitoes (D:12)
  A water moccasin (D:11)
  3 ice beasts
  An orc priest (D:10)
  A sleepcap (D:6)
  2 orcs
  4 giant cockroaches
20 creatures vanquished.

Vanquished Creatures (others)
  2 humans (D:13)
  A sky beast (D:7)
3 creatures vanquished.

Grand Total: 344 creatures vanquished

Notes
Turn   | Place    | Note
-------+----------+-------------------------------------------
     0 | D:1      | pokeman the Deep Elf Hedge Wizard began the quest for the
                  | Orb.
     0 | D:1      | Reached XP level 1. HP: 10/10 MP: 7/7
    81 | D:1      | Found a faded altar of an unknown god.
   328 | D:1      | Reached XP level 2. HP: 16/16 MP: 7/9
  1292 | D:2      | Reached skill level 5 in Spellcasting
  1428 | D:2      | Reached XP level 3. HP: 20/20 MP: 8/11
  1432 | D:2      | Learned a level 3 spell: Mephitic Cloud
  1435 | D:2      | Learned a level 2 spell: Call Imp
  1438 | D:2      | Learned a level 2 spell: Blink
  1606 | D:2      | Reached skill level 1 in Fighting
  1606 | D:2      | Reached skill level 1 in Armour
  1862 | D:2      | Reached XP level 4. HP: 25/25 MP: 1/13
  2001 | D:2      | Noticed Natasha
  2009 | D:2      | Killed Natasha
  2014 | D:2      | Noticed Natasha
  2072 | D:2      | Killed Natasha
  2118 | D:2      | Reached skill level 6 in Spellcasting
  2218 | D:2      | Noticed Natasha
  2232 | D:2      | Killed Natasha
  2233 | D:2      | Reached XP level 5. HP: 27/29 MP: 10/15
  2302 | D:2      | Found a runed translucent door.
  2303 | D:2      | Noticed Crazy Yiuf
  2328 | D:2      | Killed Crazy Yiuf
  2614 | D:2      | Found Fojoaf's Assorted Antiques.
  2620 | D:2      | Bought a scroll labelled BEESIG ICWEBB for 28 gold pieces
  2620 | D:2      | Bought a scroll labelled HOCWIN IBLEXO for 28 gold pieces
  2620 | D:2      | Bought a fizzy green potion for 25 gold pieces
  3112 | D:3      | Reached skill level 1 in Air Magic
  3208 | D:3      | Reached skill level 1 in Evocations
  3393 | D:3      | Reached skill level 1 in Poison Magic
  3506 | D:3      | Noticed Terence
  3519 | D:3      | Killed Terence
  3520 | D:3      | Reached XP level 6. HP: 34/34 MP: 15/17
  3705 | D:4      | Found Vytec's General Store.
  3712 | D:4      | Bought a scroll of identify for 22 gold pieces
  3721 | D:4      | Reached skill level 7 in Spellcasting
  4096 | D:4      | Noticed Menkaure
  4105 | D:4      | Killed Menkaure
  4201 | D:4      | Found a transporter.
  4202 | D:4      | Found Gunyde Pudo's Armour Shop.
  4271 | D:4      | Reached XP level 7. HP: 38/39 MP: 3/20
  4422 | D:4      | Found a staircase to the Ecumenical Temple.
  4431 | Temple   | Entered the Ecumenical Temple
  4440 | Temple   | Became a worshipper of Vehumet
  4480 | D:4      | Found Asi Jennuu's Weapon Boutique.
  4617 | D:4      | Found a transporter.
  4740 | D:4      | Found Kygammu's Antique Armour Emporium.
  5050 | D:5      | Entered Level 5 of the Dungeon
  5104 | D:5      | HP: 2/40 [ice beast (7)]
  5105 | D:5      | Reached skill level 8 in Spellcasting
  5883 | D:5      | Found a shimmering altar of Xom.
  5914 | D:5      | Learned a level 7 spell: Haunt
  6018 | D:5      | Noticed Pikel
  6030 | D:5      | Reached * piety under Vehumet
  6030 | D:5      | Offered knowledge of Freeze by Vehumet.
  6031 | D:5      | Reached XP level 8. HP: 37/44 MP: 22/22
  6113 | D:5      | Reached skill level 9 in Spellcasting
  6159 | D:5      | Found an ornate altar of the Wu Jian Council.
  6202 | D:5      | Killed Pikel
  6203 | D:5      | Reached skill level 1 in Shields
  6203 | D:5      | Reached skill level 10 in Spellcasting
  6203 | D:5      | Reached skill level 5 in Conjurations
  6578 | D:6      | Reached XP level 9. HP: 46/48 MP: 25/25
  6594 | D:6      | Reached skill level 5 in Summonings
  6674 | D:6      | Reached skill level 11 in Spellcasting
  7233 | D:7      | Reached skill level 1 in Necromancy
  7291 | D:7      | Found Ireevvei's Armour Shop.
  7339 | D:7      | Reached ** piety under Vehumet
  7339 | D:7      | Offered knowledge of Poisonous Vapours by Vehumet.
  7477 | D:7      | Reached skill level 12 in Spellcasting
  7822 | D:7      | Found a sparkling altar of Nemelex Xobeh.
  8184 | D:8      | Offered knowledge of Static Discharge by Vehumet.
  8228 | D:8      | Reached XP level 10. HP: 33/53 MP: 28/28
  8382 | D:8      | Noticed a two-headed ogre
  8398 | D:8      | Learned a level 3 spell: Call Canine Familiar
  8847 | D:8      | Killed a two-headed ogre
  8848 | D:8      | Reached skill level 13 in Spellcasting
  9006 | D:9      | Found a sacrificial altar of Ru.
  9006 | D:9      | Found a glowing silver altar of Zin.
  9193 | D:9      | Reached *** piety under Vehumet
  9651 | D:10     | Entered Level 10 of the Dungeon
  9828 | D:10     | Noticed a two-headed ogre
  9842 | D:10     | Killed a two-headed ogre
  9843 | D:10     | Reached skill level 5 in Necromancy
  9989 | D:10     | Offered knowledge of Inner Flame by Vehumet.
 10008 | D:10     | Reached skill level 14 in Spellcasting
 10274 | D:10     | Found a bloodstained altar of Trog.
 10717 | D:11     | Noticed a cyclops
 10728 | D:11     | Killed a cyclops
 10729 | D:11     | Reached XP level 11. HP: 61/61 MP: 29/31
 10836 | D:11     | Found a staircase to the Lair.
 11150 | D:11     | Noticed a two-headed ogre
 11170 | D:11     | Killed a two-headed ogre
 11170 | D:11     | Reached **** piety under Vehumet
 11171 | D:11     | Reached skill level 15 in Spellcasting
 11353 | D:11     | Offered knowledge of Freezing Cloud by Vehumet.
 11373 | D:11     | Learned a level 5 spell: Freezing Cloud
 11585 | D:11     | Found a staircase to the Orcish Mines.
 11797 | D:11     | Reached skill level 1 in Ice Magic
 12352 | D:12     | Found the +7 captain's cutlass {speed, disarm}
 12358 | D:12     | Noticed an alligator
 12367 | D:12     | Killed an alligator
 12368 | D:12     | Noticed an alligator
 12385 | D:12     | Killed an alligator
 12844 | D:12     | HP: 3/62 [scorpion (4)]
 13157 | D:12     | Noticed a centaur warrior
 13182 | D:12     | Killed a centaur warrior
 13182 | D:12     | Reached ***** piety under Vehumet
 13373 | D:12     | Reached skill level 16 in Spellcasting
 13438 | D:12     | Offered knowledge of Irradiate by Vehumet.
 13740 | D:12     | Noticed Erolcha
 13750 | D:12     | Killed Erolcha
 13751 | D:12     | Reached XP level 12. HP: 67/67 MP: 28/34
 14615 | D:12     | Reached skill level 10 in Conjurations
 14695 | D:12     | Identified the +7 war axe of Mytunk {freeze, *Slow Int+4
                  | Dex+2}
 15591 | D:13     | Noticed Nessos
 15591 | D:13     | Noticed an ice dragon
 15591 | D:13     | Noticed a two-headed ogre
 15591 | D:13     | Noticed Urug
 15591 | D:13     | Noticed a centaur warrior
 15591 | D:13     | Found a gate to the Vaults.
 15731 | D:12     | Killed an ice dragon
 15732 | D:12     | Reached skill level 17 in Spellcasting
 15867 | D:13     | Noticed a centaur warrior
 15876 | D:13     | Noticed a centaur warrior
 15900 | D:13     | Found a gate leading to a gauntlet.
 15907 | Gauntlet | Entered a Gauntlet
 15907 | Gauntlet | Found a transporter.
 15907 | Gauntlet | Found a transporter.
 16026 | Gauntlet | Found a transporter.
 16033 | Gauntlet | Found a transporter.
 16051 | Gauntlet | Found a transporter.
 16060 | Gauntlet | Found a transporter.
 16074 | Gauntlet | Found a transporter.
 16087 | Gauntlet | Found a transporter.
 16088 | Gauntlet | Found a transporter.
 16090 | Gauntlet | Noticed a tengu warrior
 16097 | Gauntlet | Noticed a hell hog
 16100 | Gauntlet | Found a transporter.
 16115 | Gauntlet | Noticed a minotaur
 16132 | Gauntlet | Found a transporter.
 16139 | Gauntlet | Found a transporter.
 16196 | Gauntlet | Found a transporter.
 16212 | Gauntlet | Found a transporter.
 16272 | Gauntlet | Found a transporter.
 16287 | Gauntlet | Found a transporter.
 16419 | Gauntlet | Slain by a soul eater

Illustrated notes

Levels and vault maps discovered:
D:1:      wheals_arrival_linesprint, layout_basic,
          ebering_ecumenical_altar_sacrificial
D:2:      wad_woods_tower, layout_loops_ring, serial_shops, shop,
          minmay_misc_feat_tiny, minmay_fountain_box, minmay_vboxes,
          uniq_natasha, uniq_crazy_yiuf_cottage
D:3:      layout_rooms, st_stairs_14, uniq_terence
D:4:      layout_loops_corners, minmay_temple_entry_large_hall, serial_shops,
          nicolae_shop_drivethru, shop, shop, nicolae_shop_bloodbath_and_beyond,
          hex_tiny, glass_columns_c, kennysheep_doodads, uniq_menkaure
D:5:      layout_cave_pools, nicolae_wu_jian_immortal_techniques,
          mainiacjoe_overflow_chevrons, uniq_pikel
D:6:      layout_basic
D:7:      layout_rooms, nemelex_dance_club_becter, serial_shops, shop
D:8:      layout_loops_ring
D:9:      layout_long_grid, gammafunk_temple_overflow_pools
D:10:     layout_basic, lightli_temple_of_fire
D:11:     layout_loops_corners, due_lair_maze_entry_diamond,
          minmay_orc_entry_temple_small
D:12:     layout_roguey, hangedman_parallel_progression, uniq_erolcha
D:13:     layout_irregular_city, david_vaults_3, gauntlet_entry_generic,
          minmay_misc_feat_x, trog_butcher_becter
Temple:   nicolae_temple_bog_church
Gauntlet: gammafunk_gauntlet_branching [gammafunk_gauntlet_arena_chambers,
          nicolae_gauntlet_arena_x, nicolae_gauntlet_arena_quarters,
          gammafunk_gauntlet_arena_split_x,
          gammafunk_gauntlet_arena_split_diamond,
          gammafunk_gauntlet_arena_corners, nicolae_gauntlet_arena_grate_2,
          nicolae_gauntlet_arena_blocks, dreamdust_gauntlet_exit_labyrinth]

Skill      XL: |  1  2  3  4  5  6  7  8  9 10 11 12 |
---------------+-------------------------------------+-----
Spellcasting   | 5 6 7 8 10 12 14 16 17 | 17.2
Fighting       | 1 2 4 |  4.4
Armour         | 1 2 3 4 |  4.0
Conjurations   | 2 3 4 5 7 8 9 10 | 10.2
Stealth        | 3 |  3.0
Dodging        | 3 |  3.0
Air Magic      | 1 |  1.0
Evocations     | 1 |  1.0
Poison Magic   | 1 |  1.0
Summonings     | 2 3 4 5 7 |  7.3
Shields        | 2 3 4 |  4.3
Necromancy     | 3 6 |  6.9
Ice Magic      | 1 |  1.0
Translocations | |  1.1

Action                     |  1- 3 |  4- 6 |  7- 9 | 10-12 || total
---------------------------+-------+-------+-------+-------++-------
  Melee: Dagger            |    25 |    67 |   274 |     5 ||   371
         Punch             |       |       |     7 |    10 ||    17
         Short sword       |       |       |       |   161 ||   161
         Cutlass           |       |       |       |    90 ||    90
   Cast: Magic Dart        |    87 |   131 |   196 |   109 ||   523
         Mephitic Cloud    |     2 |     7 |    39 |    63 ||   111
         Call Imp          |       |     4 |    12 |     2 ||    18
         Blink             |       |       |     2 |     7 ||     9
         Call Canine Famil |       |       |       |    24 ||    24
         Freezing Cloud    |       |       |       |    21 ||    21
  Evoke: Wand              |       |     2 |       |     7 ||     9
    Use: Scroll            |       |       |       |    17 ||    17
   Stab: Confused          |     2 |     6 |    19 |    24 ||    51
         Paralysed         |       |     2 |       |    11 ||    13
         Sleeping          |       |       |       |     1 ||     1
 Armour: Robe              |     6 |    20 |    50 |       ||    76
         Steam dragon scal |       |       |    53 |    59 ||   112
         Acid dragon scale |       |       |       |    60 ||    60
  Dodge: Dodged            |    14 |    48 |   190 |   208 ||   460

Table legend: (Time is in decaauts)
 A = Elapsed time spent in this place.
 B = Non-inter-level travel time spent in this place.
 C = Inter-level travel time spent in this place.
 D = Time resting spent in this place.
 E = Time spent auto-exploring this place.
 F = Levels seen in this place.
 G = Mean time per level.
                   A        B        C        D        E       F      G
               +--------+--------+--------+--------+--------+-----+--------+
         Total |  16414 |  15133 |   1281 |   2186 |   9616 |  15 | 1094.3 |
       Dungeon |  15850 |  14580 |   1270 |   2075 |   9616 |  13 | 1219.2 |
        Temple |     52 |     42 |     10 |      0 |      0 |   1 |   52.0 |
      Gauntlet |    511 |    511 |      0 |    111 |      0 |   1 |  511.0 |
               +--------+--------+--------+--------+--------+-----+--------+

Top non-repeatable levels by time:
    D:12: 3117 daAuts
     D:4: 1832 daAuts
     D:2: 1570 daAuts
    D:10: 1492 daAuts
    D:11: 1279 daAuts
     D:1: 1267 daAuts
     D:8: 1073 daAuts
     D:5: 998 daAuts
     D:6: 896 daAuts
     D:3: 794 daAuts
     D:9: 777 daAuts
     D:7: 682 daAuts
Gauntlet: 511 daAuts
    D:13: 68 daAuts
  Temple: 52 daAuts
